 Dungeon Crawl Stone Soup version 0.28-a0-589-g333b8329f1 (webtiles) character file.

Game seed: 6652432592644164485

137 Heedrag the Skirmisher (level 5, -4/47 HPs)
             Began as a Minotaur Fighter on Oct 3, 2021.
             Was an Initiate of Okawaru.
             Frozen to death by devil0160's ghost (11 damage)
             ... on level 3 of the Dungeon.
             The game lasted 00:03:09 (2208 turns).

Heedrag the Skirmisher (Minotaur Fighter)           Turns: 2208, Time: 00:03:09

Health: -4/47      AC: 12    Str: 22    XL:     5   Next: 0%
Magic:  4/4        EV: 10    Int:  5    God:    Okawaru [......]
Gold:   77         SH:  4    Dex:  9    Spells: 4/4 levels left

rFire   . . .      SeeInvis .   a - +0 war axe
rCold   . . .      Faith    .   c - +0 buckler
rNeg    + . .      Spirit   .   b - +0 scale mail
rPois   .          Reflect  .   (helmet restricted)
rElec   .          Harm     .   n - +1 cloak
rCorr   .          Rampage  .   m - +2 pair of gloves
Will    .....                   (no boots)
Stlth   ..........              (no amulet)
HPRegen 0.15/turn               i - ring of positive energy
MPRegen 0.09/turn               (no ring)

@: no status effects
A: horns 2, retaliatory headbutt
a: Renounce Religion


You were on level 3 of the Dungeon.
You worshipped Okawaru.
Okawaru was noncommittal.
You visited 1 branch of the dungeon, and saw 4 of its levels.

You collected 77 gold pieces.

Inventory:

Hand Weapons
 a - a +0 war axe (weapon)
Armour
 b - a +0 scale mail (worn)
 c - a +0 buckler (worn)
 m - a +2 pair of gloves (worn)
   (You found it on level 2 of the Dungeon)
 n - a +1 cloak (worn)
   (You found it on level 2 of the Dungeon)
Jewellery
 i - a ring of positive energy (left hand)
   (You found it on level 2 of the Dungeon)
Scrolls
 f - 4 scrolls of identify {unknown}
 j - a scroll of fog {unknown}
 l - a scroll of teleportation {unknown}
 p - a scroll of silence {unknown}
 q - 3 scrolls of vulnerability {unknown}
Potions
 d - 4 potions of might
 e - a potion of experience {unknown}
 g - 3 potions of curing {unknown}
 h - 2 potions of haste {unknown}
 k - 2 potions of attraction {unknown}
 o - a potion of mutation {unknown}


   Skills:
 + Level 4.3 Fighting
 * Level 4.1 Axes
 + Level 4.3 Armour
 + Level 1.9 Dodging
 + Level 4.2 Shields


You had 4 spell levels left.
You didn't know any spells.
Your spell library contained the following spells:

 Spells                   Type           Power      Damage    Failure   Level
 Freeze                   Ice            0%         1d3       80%         1
 Passwall                 Tmut/Erth      0%         N/A       90%         2
 Sublimation of Blood     Necr           0%         N/A       90%         2
 Frozen Ramparts          Ice            0%         1d2       99%         3
 Swiftness                Air            0%         N/A       99%         3
 Hailstorm                Conj/Ice       0%         3d3       100%        4
 Petrify                  Tmut/Erth      0%         N/A       100%        4
 Irradiate                Conj/Tmut      0%         3d13      100%        5
 Invisibility             Hex            0%         N/A       100%        6


Dungeon Overview and Level Annotations

Branches:
Dungeon (4/15)
 Temple: D:4-7

Altars:
Okawaru
Trog
Uskayaw

Shops:
D:1 [

Annotations:
D:3 devil0160's ghost, amateur DsIE


Innate Abilities, Weirdness & Mutations

You have a pair of horns on your head.
You reflexively headbutt those who attack you in melee.


Message History

You kneel at the altar of Okawaru.
Okawaru welcomes you!
Unknown command.
Press < or > to pray at altars.
(D) Dungeon
Where to? (Enter - D:4 @ (x,y), ? - help)
Things that are here:
a +0 club; a +0 leather armour
There is an open door here.
There is a stone staircase leading up here.
You climb upwards.
Level annotation: 2 runed translucent doors, devil0160's ghost, amateur DsIE
There is a stone staircase leading down here.
You open the large door. You slash devil0160's ghost!
Devil0160's ghost screams, "You will join me soon!"
Devil0160's ghost hits you but does no damage.
You miss devil0160's ghost.
Devil0160's ghost hits you but does no damage.
You barely miss devil0160's ghost. Devil0160's ghost freezes you.
You are frozen!
Devil0160's ghost hits you but does no damage.
You closely miss devil0160's ghost. You headbutt devil0160's ghost.
Devil0160's ghost freezes you.
You are frozen!
* * * LOW HITPOINT WARNING * * *
You hit devil0160's ghost but do no damage.
You headbutt devil0160's ghost. Devil0160's ghost barely misses you.
Unknown command.
You barely miss devil0160's ghost. Your headbutt misses devil0160's ghost.
Devil0160's ghost hits you.
* * * LOW HITPOINT WARNING * * *
* * * LOW HITPOINT WARNING * * *
You closely miss devil0160's ghost. Devil0160's ghost freezes you.
You are frozen.
* * * LOW HITPOINT WARNING * * *
Devil0160's ghost freezes you.
You are frozen.
* * * LOW HITPOINT WARNING * * *
You closely miss devil0160's ghost.
Devil0160's ghost hits you but does no damage.
You slash devil0160's ghost!
Devil0160's ghost hits you but does no damage.
Unknown command.
You closely miss devil0160's ghost. Your headbutt misses devil0160's ghost.
Devil0160's ghost freezes you.
You are frozen!
You die...

#.#........# ########.#<#...
#####.#........# #.........#
#.....#........# #...)8.....
#.....#........# #..8...8...
#..)..#........# ##...)......
#.[...#........# #..8.....8..
#####.#........### ##...........
#####.########...###....8...8...
#.....# #..@...#......8.....
#.....# ###W'####..........#
#.....# #.....≈.######.#####.
#####.# ##.≈#≈⌠≈.#.....#####.
#.#######.....#.##.(.....##.
#.#....#≈#≈≈!.≈##'.......++.
##'#....###.#.#####.......##.
#####.......###########...#######
.............................# #


You could see devil0160's ghost.

Vanquished Creatures
  A jelly (D:2)
  5 adders
  A dart slug (D:1)
  An orc (D:4)
  2 endoplasms
  2 giant cockroaches
  5 goblins
  7 hobgoblins
  6 jackals
  5 quokkas
  4 ball pythons
  5 bats
  A frilled lizard (D:1)
  5 kobolds
  4 rats
54 creatures vanquished.

Vanquished Creatures (others)
  A fungus (D:4)
1 creature vanquished.

Grand Total: 55 creatures vanquished

Notes
Turn   | Place    | Note
-------+----------+-------------------------------------------
     0 | D:1      | Heedrag the Minotaur Fighter began the quest for the Orb.
     0 | D:1      | Reached XP level 1. HP: 19/19 MP: 0/0
    43 | D:1      | Found Caoxt's Armour Boutique.
   191 | D:1      | Reached XP level 2. HP: 27/27 MP: 1/1
   624 | D:1      | Reached XP level 3. HP: 31/33 MP: 2/2
   639 | D:1      | Found a faded altar of an unknown god.
   806 | D:2      | Reached skill level 1 in Dodging
   833 | D:2      | Reached XP level 4. HP: 38/40 MP: 3/3
  1352 | D:3      | Found a hide-covered altar of Uskayaw.
  1982 | D:3      | Found a large runed translucent door.
  1982 | D:3      | Found a large runed translucent door.
  1986 | D:3      | Noticed devil0160's ghost (amateur DsIE)
  2158 | D:4      | Found a bloodstained altar of Trog.
  2158 | D:4      | Found an iron altar of Okawaru.
  2164 | D:4      | Reached XP level 5. HP: 47/47 MP: 4/4
  2168 | D:4      | Became a worshipper of Warmaster Okawaru
  2208 | D:3      | Frozen to death by devil0160's ghost

Illustrated notes

Levels and vault maps discovered:
D:1:      giann_forest_graveyard, layout_basic, basic_ecumenical_altar,
          serial_shops, nicolae_shop_window_shopping, corexii_hall_statues_s,
          serial_park_tiny_pond, kennysheep_another_room
D:2:      layout_loops_ring
D:3:      layout_basic, nicolae_uskayaw_dance_hall, ebering_ghost_disaster_area
D:4:      layout_basic, grunt_temple_overflow_bloody_war, fedhas_altar_3,
          gammafunk_ghost_cemetery, minmay_ogre_servants

Skill      XL: |  1  2  3  4 |
---------------+-------------+-----
Axes           | 3 4 |  4.1
Dodging        | 1 |  1.9
Fighting       | 4 |  4.3
Armour         | 4 |  4.3
Shields        | 4 |  4.2

Action                   |  1- 3 |  4- 6 || total
-------------------------+-------+-------++-------
Melee: War axe           |    67 |    63 ||   130
       Headbutt          |     9 |     7 ||    16
Armor: Scale mail        |    38 |    39 ||    77
Dodge: Dodged            |    37 |    31 ||    68
Block: Buckler           |    14 |    16 ||    30

Table legend: (Time is in decaauts)
 A = Elapsed time spent in this place.
 B = Non-inter-level travel time spent in this place.
 C = Inter-level travel time spent in this place.
 D = Time resting spent in this place.
 E = Time spent auto-exploring this place.
 F = Levels seen in this place.
 G = Mean time per level.
                   A        B        C        D        E       F      G
               +--------+--------+--------+--------+--------+-----+--------+
         Total |   2250 |   2180 |     70 |      0 |   1789 |   4 |  562.5 |
       Dungeon |   2250 |   2180 |     70 |      0 |   1789 |   4 |  562.5 |
               +--------+--------+--------+--------+--------+-----+--------+

Top non-repeatable levels by time:
     D:3: 840 daAuts
     D:1: 825 daAuts
     D:2: 555 daAuts
     D:4: 29 daAuts
